[Event "Titled Tuesday Blitz March 28 Early 2023"]
[White "Michalski, Olaf"]
[Black "Vedder, Richard"]
[WhiteFideId "1106740"]
[BlackFideId "1004166"]
[WhiteElo "2173"]
[BlackElo "2168"]
[Result "0-1"]
[Round "03"]
[TimeControl "180+2"]
[Date "2023.03.28"]
[WhiteClock "0:00:05"]
[BlackClock "0:01:43"]

1. d4 d5 2. c4 dxc4 3. Nf3 Nf6 4. e3 e6 5. Bxc4 c5 6. O-O Nc6 7. Qe2 cxd4 8. Rd1 Be7 9. Nxd4 Nxd4 10. Rxd4 Bd7 11. e4 e5 12. Rd3 Rc8 13. Nd2 O-O 14. a3 Qb6 15. b4 Bg4 16. Qe1 Rfd8 17. Rxd8+ Qxd8 18. Bb2 Bd6 19. f3 Bd7 20. Rd1 Qe7 21. Qe2 Nh5 22. g3 a5 0-1


[Site "https://www.chess.com"]

[Event "Titled Tuesday Blitz March 28 Early 2023"]
[White "Ansh M Shah"]
[Black "Necula, Iulian"]
[WhiteFideId "25033379"]
[BlackFideId "1232380"]
[WhiteElo "2084"]
[BlackElo "1790"]
[Result "1/2-1/2"]
[Round "03"]
[TimeControl "180+2"]
[Date "2023.03.28"]
[WhiteClock "0:00:20"]
[BlackClock "0:00:32"]

1. d4 d6 2. c4 f5 3. g3 Nf6 4. Bg2 g6 5. Nf3 Bg7 6. O-O O-O 7. d5 Na6 8. Nc3 Nc5 9. Be3 Ng4 10. Bxc5 dxc5 11. h3 Ne5 12. Nxe5 Bxe5 13. f4 Bf6 14. e4 Bd4+ 15. Kh2 a6 16. Qc2 fxe4 17. Nxe4 Bf5 18. Qe2 Bxe4 19. Bxe4 Qd6 20. Bf3 Qf6 21. Rab1 Rad8 22. b3 b6 23. Bg4 Kg7 24. Rbe1 Rfe8 25. a4 Bc3 26. Rd1 Bd4 27. Be6 h5 28. Rd3 Rd6 29. Rdf3 Red8 30. Qe4 c6 31. f5 g5 32. Rd3 cxd5 33. Bxd5 e5 34. Kg2 Rf8 35. g4 h4 36. Rfd1 Rfd8 37. Be6 Qe7 38. Rf1 Qf6 39. Rff3 a5 40. Qb7+ Kh6 41. Qe4 Rf8 42. Bd5 Rfd8 43. Rf1 Rf8 44. Rfd1 Rfd8 45. R1d2 Rf8 46. Ra2 Rfd8 47. Re2 Rf8 48. Qf3 Rfd8 49. Re4 Rf8 50. Qf1 Rfd8 51. Qf3 Rf8 52. Re2 Rfd8 53. Qe4 Rf8 1/2-1/2


[Site "https://www.chess.com"]

[Event "Titled Tuesday Blitz March 28 Early 2023"]
[White "Topalov, Aleksandar"]
[Black "Kriti Mayur Patel"]
[WhiteFideId "925659"]
[BlackFideId "35061780"]
[WhiteElo "2151"]
[BlackElo "1306"]
[Result "1-0"]
[Round "03"]
[TimeControl "180+2"]
[Date "2023.03.28"]
[WhiteClock "0:01:09"]
[BlackClock "0:00:24"]

1. b3 d5 2. Bb2 c5 3. e3 Nc6 4. Bb5 a6 5. Bxc6+ bxc6 6. f4 Bf5 7. Nf3 e6 8. d3 Nf6 9. Nbd2 Bd6 10. O-O O-O 11. Qe2 Rb8 12. e4 dxe4 13. dxe4 Bg4 14. e5 Nd5 15. exd6 Nxf4 16. Qe5 Nh5 17. h3 Bxf3 18. Rxf3 c4 19. Qxh5 Qxd6 20. Qg5 f6 21. Rxf6 Rxf6 22. Bxf6 Rb7 23. Ne4 Qb4 24. Rf1 cxb3 25. Bxg7 Qb6+ 26. Kh1 Rxg7 27. Qf6 Qb8 28. Qxe6+ Kh8 29. axb3 Qg8 30. Qxg8+ Rxg8 31. Rf6 Rd8 32. Rxc6 a5 33. Rc5 a4 34. bxa4 Rd4 35. Nc3 h5 36. a5 Kg7 37. a6 Kg6 38. a7 Rd8 39. Ra5 Ra8 40. Nb5 h4 41. Nc7 Rd8 42. a8=Q Rd1+ 43. Kh2 Kh6 44. Qa6+ Kg7 45. Rg5+ Kh7 46. Qg6+ Kh8 47. Qg7# 1-0


[Site "https://www.chess.com"]

[Event "Titled Tuesday Blitz March 28 Early 2023"]
[White "Carrasco Miranda, Andres"]
[Black "dorpato"]
[WhiteFideId "3405990"]
[WhiteElo "2183"]
[BlackElo "2042"]
[Result "1-0"]
[Round "03"]
[TimeControl "180+2"]
[Date "2023.03.28"]
[WhiteClock "0:01:47"]
[BlackClock "0:00:21"]

1. d4 Nf6 2. c4 g6 3. g3 Bg7 4. Bg2 c6 5. e4 d6 6. Nc3 Nbd7 7. Nf3 e5 8. O-O O-O 9. h3 exd4 10. Nxd4 Ne5 11. b3 Qe7 12. Kh2 Ned7 13. Be3 Nc5 14. Qc2 Re8 15. Rfe1 Nfxe4 16. Nxe4 Nxe4 17. Bxe4 Qxe4 18. Bd2 Bxd4 19. Rxe4 1-0


[Site "https://www.chess.com"]

[Event "Titled Tuesday Blitz March 28 Early 2023"]
[White "Maranhao,Jose Renato Ruiz"]
[Black "Lopez, Nelson M, Ii"]
[WhiteFideId "2135175"]
[BlackFideId "2027895"]
[WhiteElo "1970"]
[BlackElo "2400"]
[Result "0-1"]
[Round "03"]
[TimeControl "180+2"]
[Date "2023.03.28"]
[WhiteClock "0:00:02"]
[BlackClock "0:00:09"]

1. e4 e5 2. d4 exd4 3. c3 d5 4. exd5 Qxd5 5. cxd4 Nc6 6. Nf3 Bg4 7. Nc3 Bb4 8. Be2 O-O-O 9. O-O Bxc3 10. bxc3 Nf6 11. h3 Bh5 12. Ne5 Bxe2 13. Qxe2 Rhe8 14. f4 Ne4 15. c4 Nxd4 16. Qg4+ f5 17. cxd5 fxg4 18. hxg4 Rd6 19. g5 Rxd5 20. Bb2 Ne2+ 21. Kh2 N4g3 22. Rf3 Rd2 23. Ba3 Nf5 24. Re1 Ned4 25. Rc3 c6 26. Nc4 Rxe1 27. Nxd2 Re2 28. Nf3 Nb5 29. Rb3 Nxa3 30. Rxa3 a6 31. Ne5 Kc7 32. Rd3 Nd6 33. Nf3 Rxa2 34. Nd4 Nb5 35. Ne6+ Kb6 36. Nxg7 c5 37. f5 c4 38. Rd7 c3 39. Ne6 c2 0-1


[Site "https://www.chess.com"]

[Event "Titled Tuesday Blitz March 28 Early 2023"]
[White "Sanchez, German"]
[Black "Ramirez Vido, Robert Yorisan"]
[WhiteFideId "4403959"]
[BlackFideId "3513823"]
[WhiteElo "1816"]
[BlackElo "2398"]
[Result "1-0"]
[Round "03"]
[TimeControl "180+2"]
[Date "2023.03.28"]
[WhiteClock "0:00:22"]
[BlackClock "0:00:05"]

1. e4 d6 2. Nf3 Nf6 3. d4 g6 4. Nc3 Bg7 5. h4 c5 6. Bc4 O-O 7. h5 Nxh5 8. Rxh5 gxh5 9. Ng5 Bg4 10. f3 cxd4 11. fxg4 dxc3 12. b3 Nc6 13. gxh5 Ne5 14. h6 Bf6 15. Qh5 Nxc4 16. bxc4 Qb6 17. Ke2 Qc5 18. Be3 Qxc4+ 19. Kf2 Kh8 20. Rb1 b6 21. Rd1 Rac8 22. Rd5 e6 23. Nxf7+ Rxf7 24. Qxf7 Bh4+ 25. g3 Bxg3+ 26. Kxg3 Rg8+ 27. Kf2 1-0


[Site "https://www.chess.com"]

[Event "Titled Tuesday Blitz March 28 Early 2023"]
[White "Perez Rodriguez, Jennifer"]
[Black "Better_Chess_Faster"]
[WhiteFideId "3507831"]
[WhiteElo "2170"]
[BlackElo "1987"]
[Result "1-0"]
[Round "03"]
[TimeControl "180+2"]
[Date "2023.03.28"]
[WhiteClock "0:00:18"]
[BlackClock "0:00:16"]

1. e4 c6 2. Nc3 d5 3. Nf3 Nf6 4. e5 Nfd7 5. d4 e6 6. Bd3 c5 7. dxc5 Bxc5 8. O-O Nc6 9. Bf4 Be7 10. a3 Nc5 11. Bb5 O-O 12. b4 Nd7 13. Bd3 Qc7 14. Re1 a6 15. Qd2 b6 16. Na4 a5 17. b5 Nd8 18. Bg5 Re8 19. Bxe7 Rxe7 20. Qg5 Re8 21. Qh5 Nf8 22. Ng5 h6 23. Nf3 Nb7 24. Nd4 Bd7 25. Re3 Nc5 26. Rg3 Kh8 27. Nxc5 bxc5 28. Nc6 Bxc6 29. bxc6 Nh7 30. Bxh7 Kxh7 31. f4 g6 32. Qh4 Rh8 33. Rf1 Qxc6 34. Qf6 Rag8 35. Qxf7+ Rg7 36. Qf6 d4 37. f5 exf5 38. Qxc6 1-0


[Site "https://www.chess.com"]

[Event "Titled Tuesday Blitz March 28 Early 2023"]
[White "Vargas, Mauricio"]
[Black "Fawzy, Adham"]
[WhiteFideId "4404572"]
[BlackFideId "10613129"]
[WhiteElo "2025"]
[BlackElo "2539"]
[Result "0-1"]
[Round "03"]
[TimeControl "180+2"]
[Date "2023.03.28"]
[WhiteClock "0:00:31"]
[BlackClock "0:01:38"]

1. e4 c5 2. g3 d6 3. Bg2 g6 4. f4 Bg7 5. h3 Nf6 6. d3 O-O 7. Nf3 Nc6 8. O-O b5 9. c3 Rb8 10. Nbd2 Bb7 11. Rf2 a5 12. Bf1 b4 13. Rh2 bxc3 14. bxc3 Nh5 15. g4 Nxf4 16. Nc4 Ne6 17. Bd2 Ba6 18. Ne3 Ne5 19. Nxe5 Bxe5 20. Rg2 Nf4 21. d4 Bxf1 22. dxe5 Bxg2 23. Nxg2 Nxg2 24. Kxg2 dxe5 25. Qe1 Rb2 26. Kg1 Qxd2 27. Qg3 Rfb8 28. Rf1 Rb1 29. Qf3 Rxf1+ 30. Qxf1 Qc2 0-1


[Site "https://www.chess.com"]

[Event "Titled Tuesday Blitz March 28 Early 2023"]
[White "Avazkhonov, Alikhon"]
[Black "Nan, M K Khine Hlyan"]
[WhiteFideId "14208504"]
[BlackFideId "13002899"]
[WhiteElo "1739"]
[BlackElo "1943"]
[Result "1-0"]
[Round "03"]
[TimeControl "180+2"]
[Date "2023.03.28"]
[WhiteClock "0:01:09"]
[BlackClock "0:00:19"]

1. d4 d5 2. c4 Nf6 3. Nc3 e6 4. cxd5 exd5 5. Bg5 c6 6. e3 Be7 7. Bd3 O-O 8. Nf3 Bg4 9. Qc2 h6 10. Bh4 a5 11. O-O-O b5 12. Kb1 a4 13. Rdg1 b4 14. Nxa4 Qa5 15. b3 Na6 16. Ne5 Qc7 17. Bxf6 Bxf6 18. Nxg4 Be7 19. Ne5 c5 20. Bxa6 Rxa6 21. Nxc5 Ra7 22. Rc1 Rfa8 23. Na4 Qd6 24. Qc6 Qb8 25. Qxd5 Rxa4 26. Qxf7+ Kh8 27. bxa4 Bf6 28. Nd7 Qa7 29. Qd5 Qxa4 30. Nb6 Ra5 31. Rc8+ Kh7 1-0


[Site "https://www.chess.com"]

[Event "Titled Tuesday Blitz March 28 Early 2023"]
[White "Silva Lucena, Cristian"]
[Black "Semenova, Alina"]
[WhiteFideId "2232588"]
[BlackFideId "24113875"]
[WhiteElo "2223"]
[BlackElo "1833"]
[Result "1-0"]
[Round "03"]
[TimeControl "180+2"]
[Date "2023.03.28"]
[WhiteClock "0:01:48"]
[BlackClock "0:00:04"]

1. d4 Nf6 2. Nf3 d5 3. g3 e6 4. Bg2 Be7 5. O-O O-O 6. c4 dxc4 7. Qc2 a6 8. Qxc4 b5 9. Qc2 Bb7 10. Nc3 Nbd7 11. a4 b4 12. Nb1 c5 13. Rd1 Qb6 14. Nbd2 cxd4 15. Nc4 Qc7 16. Nxd4 Bxg2 17. Kxg2 Nb6 18. b3 Nxc4 19. bxc4 Rac8 20. Bf4 Qxc4 21. Qxc4 Rxc4 22. Nb3 Nd5 23. Be5 Re4 24. Bd4 Rxe2 25. Rac1 Ra2 26. a5 e5 27. Bb6 Nc3 28. Rd7 Bf6 29. Bc5 Rb2 30. Bxb4 Ne2 31. Bxf8 Nxc1 32. Ba3 Rxb3 33. Bxc1 h6 34. Ra7 Rc3 35. Be3 Rc6 36. Bb6 e4 37. Rxa6 Rc2 38. Ra8+ Kh7 39. Re8 Rc4 40. a6 Ra4 41. a7 Rxa7 1-0


[Site "https://www.chess.com"]

[Event "Titled Tuesday Blitz March 28 Early 2023"]
[White "Boraso, Alessio"]
[Black "Prado, Alexandra"]
[WhiteFideId "848077"]
[BlackFideId "3301346"]
[WhiteElo "2286"]
[BlackElo "1759"]
[Result "1-0"]
[Round "03"]
[TimeControl "180+2"]
[Date "2023.03.28"]
[WhiteClock "0:01:15"]
[BlackClock "0:00:05"]

1. d4 Nf6 2. c4 g6 3. Nc3 Bg7 4. e4 d6 5. Nf3 O-O 6. Be2 e5 7. O-O Nc6 8. d5 Ne7 9. Ne1 Ne8 10. Be3 f5 11. f3 f4 12. Bf2 Rf7 13. b4 Bf8 14. c5 g5 15. cxd6 cxd6 16. Rc1 Ng6 17. Nb5 a6 18. Na3 h5 19. Nc4 g4 20. Kh1 gxf3 21. Bxf3 h4 22. Nb6 Bd7 23. Nxa8 Qxa8 24. Bg4 Bb5 25. Rg1 a5 26. Be6 axb4 27. Qh5 Kg7 28. Nf3 Rf6 29. Ng5 1-0


[Site "https://www.chess.com"]

[Event "Titled Tuesday Blitz March 28 Early 2023"]
[White "So, Wesley"]
[Black "Shimanov, Aleksandr"]
[WhiteFideId "5202213"]
[BlackFideId "4198603"]
[WhiteElo "2739"]
[BlackElo "2631"]
[Result "1/2-1/2"]
[Round "04"]
[TimeControl "180+2"]
[Date "2023.03.28"]
[WhiteClock "0:00:07"]
[BlackClock "0:00:07"]

1. d4 Nf6 2. Nf3 g6 3. Nbd2 d6 4. e4 Bg7 5. Bb5+ c6 6. Bd3 O-O 7. O-O c5 8. dxc5 dxc5 9. h3 Nc6 10. Re1 b6 11. e5 Nd5 12. Be4 Bb7 13. Nc4 Nc7 14. a4 Qxd1 15. Rxd1 Rad8 16. Re1 Ne6 17. c3 Rd7 18. Ng5 Nxg5 19. Bxg5 h6 20. Bf4 Nd8 21. Bxb7 Rxb7 22. Red1 Ne6 23. Be3 Rd8 24. Rxd8+ Nxd8 25. a5 Nc6 26. axb6 axb6 27. Ra8+ Kh7 28. f4 b5 29. Na5 Nxa5 30. Rxa5 c4 31. Kf2 f6 32. e6 f5 33. Bc5 Bf6 34. g4 Kg7 35. Kf3 Kh7 36. Ra6 Kg7 37. Ra8 Rc7 38. Bb4 Rc6 39. Rb8 Rxe6 40. Rxb5 fxg4+ 41. hxg4 g5 42. f5 Re1 43. Bc5 Rf1+ 44. Bf2 Kf7 45. Rb4 Rb1 46. Bc5 Rf1+ 47. Kg2 Rf4 48. Kg3 Be5 49. Kh3 Rf3+ 50. Kg2 Rg3+ 51. Kf2 Rxg4 52. Be3 Bf6 53. b3 Bxc3 54. Rxc4 Rxc4 55. bxc4 Bf6 56. Kf3 Ke8 57. Kg4 Kd7 58. Kh5 Kc6 59. Kxh6 g4 60. Kh5 g3 61. Kg4 Kd6 62. Kxg3 Ke5 63. Kg4 Ke4 64. Bf2 Be5 65. Bh4 Bd6 66. Bf2 Be5 67. c5 Kd5 68. Kg5 Bf6+ 69. Kg6 Be5 70. Kf7 Bf6 71. Bg1 Bg5 72. Bf2 Bf6 73. Ke8 e6 74. Kd7 exf5 75. c6 Be5 76. Bb6 Bd6 77. Bc7 Bb4 78. Bg3 Ba5 79. Be1 Bb6 80. Bd2 Kc4 81. Be3 Ba5 82. Bf4 Kd5 83. Bc7 Bb4 84. Bg3 Ba5 85. Be1 Bb6 86. Bd2 Kc4 87. Kd6 Kb5 88. Kd5 Bc7 89. Be3 f4 90. Bf2 f3 91. Be3 Bb8 92. Bf2 Bc7 93. Bc5 Bb8 94. Bg1 Bc7 95. Bf2 Bb8 96. Bg1 Bc7 97. Bf2 Bb8 98. Bg1 1/2-1/2


[Site "https://www.chess.com"]

[Event "Titled Tuesday Blitz March 28 Early 2023"]
[White "Grigoriants, Sergey"]
[Black "Vachier-Lagrave, Maxime"]
[WhiteFideId "4130804"]
[BlackFideId "623539"]
[WhiteElo "2502"]
[BlackElo "2740"]
[Result "1/2-1/2"]
[Round "04"]
[TimeControl "180+2"]
[Date "2023.03.28"]
[WhiteClock "0:00:06"]
[BlackClock "0:00:04"]

1. c4 e5 2. g3 Nf6 3. Bg2 c6 4. d4 exd4 5. Qxd4 Bb4+ 6. Bd2 Qe7 7. Nf3 Bc5 8. Qd3 O-O 9. Nc3 Re8 10. O-O Na6 11. Rad1 d6 12. Bf4 Be6 13. a3 d5 14. cxd5 Bxd5 15. Nxd5 Nxd5 16. Ng5 Nf6 17. b4 Bb6 18. e3 Bc7 19. Qc4 h6 20. Nf3 Rad8 21. b5 cxb5 22. Qxb5 Bb6 23. Be5 Ne4 24. a4 Nc7 25. Qc4 Nd6 26. Qb4 Nf5 27. Qxe7 Nxe7 28. Rxd8 Rxd8 29. Bd4 Ncd5 30. Rc1 Nc6 31. Bxb6 Nxb6 32. Rb1 Rd7 33. Nd4 Nxd4 34. exd4 Nxa4 35. Rxb7 Rxb7 36. Bxb7 a5 37. Kf1 Kf8 38. Ke1 Nb6 39. Kd2 Ke7 40. Kc3 Kd6 41. Be4 g5 42. h4 Nd5+ 43. Kc4 Nf6 44. Bf3 gxh4 45. gxh4 Ng8 46. Kb5 Ne7 47. Be4 Nd5 48. Kxa5 Nf6 49. Bf3 Ng8 50. Kb4 Ne7 51. Be4 f5 52. Bf3 Ng6 53. h5 Nf4 54. Kc4 Ne6 55. Bd5 1/2-1/2


[Site "https://www.chess.com"]

[Event "Titled Tuesday Blitz March 28 Early 2023"]
[White "Giri, Anish"]
[Black "Rakhmanov, Aleksandr"]
[WhiteFideId "24116068"]
[BlackFideId "4173708"]
[WhiteElo "2807"]
[BlackElo "2530"]
[Result "1-0"]
[Round "04"]
[TimeControl "180+2"]
[Date "2023.03.28"]
[WhiteClock "0:00:33"]
[BlackClock "0:00:39"]

1. e4 c5 2. Nf3 Nf6 3. e5 Nd5 4. Nc3 Nxc3 5. dxc3 Nc6 6. Bf4 Qb6 7. Bd3 Qxb2 8. O-O Qxc3 9. Re1 e6 10. a4 Qa5 11. Be4 Qc7 12. a5 h6 13. Qd2 Rb8 14. Qc3 Be7 15. Nd2 Bg5 16. Bxg5 hxg5 17. Nc4 f5 18. Nd6+ Kf8 19. Bxf5 exf5 20. Qxc5 b6 21. Qc4 Ke7 22. Qf7+ Kd8 23. Qxg7 Re8 24. Nf7+ Ke7 25. Qf6+ Kf8 26. Nh6# 1-0


[Site "https://www.chess.com"]

[Event "Titled Tuesday Blitz March 28 Early 2023"]
[White "Ahmadzada, Ahmad"]
[Black "Dubov, Daniil"]
[WhiteFideId "13413007"]
[BlackFideId "24126055"]
[WhiteElo "2388"]
[BlackElo "2802"]
[Result "0-1"]
[Round "04"]
[TimeControl "180+2"]
[Date "2023.03.28"]
[WhiteClock "0:00:04"]
[BlackClock "0:00:02"]

1. Nf3 d5 2. g3 g6 3. Bg2 Bg7 4. O-O Nf6 5. c4 c6 6. b3 Ne4 7. d4 O-O 8. Bb2 Bf5 9. Nbd2 Nd7 10. e3 Ndc5 11. Nxe4 Bxe4 12. Qd2 Nd7 13. a4 e6 14. Ba3 Re8 15. Rac1 a6 16. a5 Qf6 17. Ne1 Bxg2 18. Kxg2 h5 19. h4 Qd8 20. Nd3 Nf6 21. f3 Rb8 22. Bc5 Nd7 23. Bd6 Ra8 24. Qb4 Qc8 25. Rc2 Bh6 26. e4 dxc4 27. bxc4 Bf8 28. c5 Bxd6 29. cxd6 e5 30. d5 Qd8 31. Qxb7 c5 32. Nxc5 Nxc5 33. Rxc5 Qxd6 34. Qc7 Qf6 35. Rc6 Qg7 36. Rb1 Rad8 37. Rb7 Rf8 38. Rxa6 g5 39. Re6 Rc8 40. Qxe5 Rc2+ 41. Kf1 gxh4 42. Qxg7+ Kxg7 43. Rc6 Ra2 44. gxh4 Rxa5 45. Rb2 Ra3 46. Kf2 Rfa8 47. d6 Rd3 48. e5 Raa3 49. Ke2 Re3+ 50. Kd2 Rxe5 51. Kc1 Ra1+ 52. Kc2 Ra3 53. Rb3 Re2+ 54. Kd3 Rxb3+ 55. Kxe2 Kf6 56. Rc7 Rb2+ 57. Ke3 Rb6 58. d7 Re6+ 59. Kf4 Ke7 60. d8=Q+ Kxd8 61. Rxf7 Ra6 62. Rf5 Ke8 63. Rxh5 Kf7 64. Re5 Kg6 65. Kg4 Ra4+ 66. f4 Ra1 67. Re6+ Kg7 68. Rb6 Rg1+ 69. Kf5 Rh1 70. Rb7+ Kh6 71. Rb6+ Kg7 72. Rb7+ Kh6 73. Kf6 Rxh4 74. f5 Ra4 75. Ke7 Re4+ 76. Kf7 Ra4 77. Re7 Kh7 78. f6 Ra1 79. Rd7 Ra2 80. Ke8+ Kg6 81. f7 Ra8+ 82. Ke7 Kg7 83. Rc7 Rb8 84. Ra7 Rf8 85. Rb7 Rxf7+ 0-1


[Site "https://www.chess.com"]

[Event "Titled Tuesday Blitz March 28 Early 2023"]
[White "Koustav, Chatterjee"]
[Black "Bortnyk, Olexandr"]
[WhiteFideId "25073060"]
[BlackFideId "14120828"]
[WhiteElo "2432"]
[BlackElo "2734"]
[Result "1-0"]
[Round "04"]
[TimeControl "180+2"]
[Date "2023.03.28"]
[WhiteClock "0:00:16"]
[BlackClock "0:00:01"]

1. Nf3 Nf6 2. d4 b6 3. g3 Bb7 4. Bg2 g6 5. O-O Bg7 6. c4 O-O 7. d5 Na6 8. Nc3 Nc5 9. Nd4 e5 10. Nc2 a5 11. b3 Ne8 12. Rb1 Nd6 13. Ba3 Qe7 14. Qd2 f5 15. Rfd1 e4 16. Nd4 Ba6 17. Rbc1 Rae8 18. Qe3 Nf7 19. Qd2 e3 20. Qxe3 Qxe3 21. fxe3 Bh6 22. Nc2 d6 23. Rf1 Re7 24. Rcd1 Rfe8 25. Bc1 Bg7 26. Nd4 Bh6 27. e4 Bxc1 28. Rxc1 fxe4 29. Nc6 Bc8 30. Nxe7+ Rxe7 31. Rf6 Kg7 32. Rcf1 Nh6 33. R6f4 g5 34. Rf8 Bg4 35. h3 Bh5 36. g4 Bg6 37. R8f6 Nf7 38. Nb5 Ne5 39. R6f2 a4 40. Nd4 axb3 41. axb3 Kh6 42. Rf6 Kg7 43. b4 Ncd7 44. Ne6+ Kh6 45. R6f2 e3 46. Rf6 Nxf6 47. Rxf6 Nxc4 48. h4 Rxe6 49. dxe6 Kg7 50. hxg5 Ne5 51. e7 Bf7 52. Bd5 Be8 53. Rf8 Bb5 54. Rg8# 1-0


[Site "https://www.chess.com"]

[Event "Titled Tuesday Blitz March 28 Early 2023"]
[White "Kovalev, Vladislav"]
[Black "Andreikin, Dmitry"]
[WhiteFideId "13504398"]
[BlackFideId "4158814"]
[WhiteElo "2555"]
[BlackElo "2736"]
[Result "0-1"]
[Round "04"]
[TimeControl "180+2"]
[Date "2023.03.28"]
[WhiteClock "0:01:39"]
[BlackClock "0:01:47"]

1. e4 c5 2. Nf3 e6 3. d4 cxd4 4. Nxd4 Nc6 5. Nc3 Qc7 6. Be2 a6 7. O-O Nf6 8. Kh1 Be7 9. f4 d6 10. Be3 O-O 11. a4 e5 12. Nf5 Bxf5 13. exf5 Rad8 14. Bf3 d5 15. Nxd5 Nxd5 16. Bxd5 Nb4 17. c4 Nxd5 18. cxd5 Qc4 19. Rc1 Qe4 0-1


[Site "https://www.chess.com"]

[Event "Titled Tuesday Blitz March 28 Early 2023"]
[White "Kollars, Dmitrij"]
[Black "Ivic, Velimir"]
[WhiteFideId "12909572"]
[BlackFideId "950122"]
[WhiteElo "2584"]
[BlackElo "2563"]
[Result "0-1"]
[Round "04"]
[TimeControl "180+2"]
[Date "2023.03.28"]
[WhiteClock "0:00:06"]
[BlackClock "0:00:13"]

1. e4 c5 2. Nf3 Nc6 3. Bb5 g6 4. O-O Bg7 5. c3 Nf6 6. Re1 O-O 7. d4 d5 8. e5 Ne4 9. Be3 Qb6 10. Bxc6 bxc6 11. Qc1 c4 12. Nbd2 Nxd2 13. Nxd2 Bf5 14. h4 h5 15. b3 Bd3 16. Qd1 Qa5 17. Qc1 Qb6 18. Qa3 e6 19. Bg5 Rfe8 20. Be7 Qc7 21. Bd6 Qd8 22. Nf3 Bh6 23. Qb2 a5 24. bxc4 dxc4 25. g3 Ra7 26. Nd2 f5 27. f4 Qd7 28. Qa3 c5 29. Qxc5 Rc8 30. Qb6 Rb7 31. Qxa5 Rb2 32. Nf3 Qb7 33. Re3 Be4 34. d5 Bxd5 35. Rf1 Ra8 36. Qc7 Qxc7 37. Bxc7 Raxa2 0-1


[Site "https://www.chess.com"]

[Event "Titled Tuesday Blitz March 28 Early 2023"]
[White "Pakleza, Zbigniew"]
[Black "Lazavik, Denis"]
[WhiteFideId "1119290"]
[BlackFideId "13515110"]
[WhiteElo "2410"]
[BlackElo "2560"]
[Result "0-1"]
[Round "04"]
[TimeControl "180+2"]
[Date "2023.03.28"]
[WhiteClock "0:00:01"]
[BlackClock "0:01:06"]

1. d4 Nf6 2. Nf3 d5 3. Bf4 c5 4. c3 Nc6 5. Nbd2 cxd4 6. cxd4 Bf5 7. e3 e6 8. Qb3 Qb6 9. Qxb6 axb6 10. Bb5 Be7 11. Ke2 O-O 12. Rhc1 Rfc8 13. a3 Nh5 14. Be5 f6 15. Bg3 g5 16. Rc3 Nxg3+ 17. hxg3 Na7 18. Rxc8+ Rxc8 19. Bd3 Bg4 20. Ke1 Kg7 21. Nb3 Bh5 22. Rc1 Be8 23. Rxc8 Nxc8 24. Kd2 h5 25. Kc3 g4 26. Ne1 Bd6 27. Be2 Kf7 28. Nd3 Ke7 29. Nf4 Bf7 30. Nc1 e5 31. Nfd3 Bc7 32. Bd1 Nd6 33. f3 Nf5 34. fxg4 Nxe3 35. Kd2 Nxd1 36. Kxd1 hxg4 37. Ne2 Kd6 38. Kd2 Be6 39. Ke3 Bd8 40. Nc3 Be7 41. Nb5+ Kc6 42. Na7+ Kd7 43. dxe5 Bf5 44. exf6 Bxf6 45. b4 d4+ 46. Ke2 Kd6 47. Nf4 Bd7 48. Kd3 Be5 49. Kc4 b5+ 50. Kd3 Bxf4 51. gxf4 Kd5 52. g3 Bf5+ 53. Kd2 Kc4 54. Ke2 d3+ 55. Kd2 Bd7 0-1


[Site "https://www.chess.com"]

[Event "Titled Tuesday Blitz March 28 Early 2023"]
[White "Le, Tuan Minh"]
[Black "Urazayev, Arystanbek"]
[WhiteFideId "12401153"]
[BlackFideId "13709810"]
[WhiteElo "2558"]
[BlackElo "2479"]
[Result "1-0"]
[Round "04"]
[TimeControl "180+2"]
[Date "2023.03.28"]
[WhiteClock "0:00:05"]
[BlackClock "0:00:07"]

1. d4 Nf6 2. Nf3 e6 3. Bf4 b6 4. e3 Be7 5. c4 O-O 6. Nc3 Bb7 7. Bd3 d5 8. cxd5 Nxd5 9. Bg3 c5 10. O-O cxd4 11. exd4 Nxc3 12. bxc3 Nd7 13. Qe2 Bf6 14. Rfd1 Qe7 15. Rac1 Rac8 16. h3 Rfd8 17. Bb1 b5 18. Qxb5 Bxf3 19. Qd3 g6 20. Qxf3 Bg5 21. Rc2 Nb6 22. Re2 Qa3 23. h4 Rxc3 24. Qg4 Bh6 25. h5 Rc1 26. Ree1 Rxd1 27. Rxd1 f5 28. Qe2 Kf7 29. Re1 Re8 30. hxg6+ hxg6 31. Bxf5 gxf5 32. Qh5+ Ke7 33. Qxh6 Kd7 34. Qg7+ Re7 35. Qe5 Nd5 36. Rb1 Kc6 37. Qb8 Nb6 38. Bf4 Rd7 39. Qe8 Qxa2 40. Rxb6+ Kxb6 41. Qxd7 Qb1+ 42. Kh2 Qe4 43. Bc7+ Ka6 44. Bg3 f4 45. Qd6+ Kb5 46. Qxf4 Qh7+ 47. Bh4 1-0


[Site "https://www.chess.com"]

[Event "Titled Tuesday Blitz March 28 Early 2023"]
[White "Dzhumagaliev, Yan"]
[Black "Bluebaum, Matthias"]
[WhiteFideId "24100110"]
[BlackFideId "24651516"]
[WhiteElo "2476"]
[BlackElo "2638"]
[Result "0-1"]
[Round "04"]
[TimeControl "180+2"]
[Date "2023.03.28"]
[WhiteClock "0:00:17"]
[BlackClock "0:00:55"]

1. Nf3 d5 2. h4 c5 3. h5 h6 4. c3 Nc6 5. d4 Bg4 6. Ne5 Nxe5 7. dxe5 Qd7 8. a4 a6 9. Nd2 e6 10. c4 Ne7 11. Rh4 Bf5 12. e4 dxe4 13. Nxe4 Qxd1+ 14. Kxd1 Nc6 15. Be3 O-O-O+ 16. Nd6+ Bxd6 17. exd6 Rxd6+ 18. Kc1 Rhd8 19. Be2 Nd4 20. Bd1 a5 21. Ra3 b6 22. Rh1 Bh7 23. Rc3 Nc6 24. Bf3 Nb4 25. Ra3 Nd3+ 26. Rxd3 Rxd3 27. Rh4 Bf5 28. Rf4 R8d7 29. Be2 R3d6 30. g4 Bh7 31. Rf3 Bd3 32. Bxd3 Rxd3 33. Rf4 f6 34. Kc2 e5 35. Rf3 R3d6 36. Rf5 Kb7 37. b3 Kc6 38. Rf3 Rd1 39. Rg3 Rh1 40. f4 Rh2+ 41. Kc3 e4 42. Bg1 Re2 43. g5 fxg5 44. fxg5 hxg5 0-1


[Site "https://www.chess.com"]

[Event "Titled Tuesday Blitz March 28 Early 2023"]
[White "Gabrielian, Artur"]
[Black "Yoo, Christopher Woojin"]
[WhiteFideId "4131002"]
[BlackFideId "30909694"]
[WhiteElo "2432"]
[BlackElo "2519"]
[Result "0-1"]
[Round "04"]
[TimeControl "180+2"]
[Date "2023.03.28"]
[WhiteClock "0:01:09"]
[BlackClock "0:00:10"]

1. e4 c5 2. Nf3 d6 3. d4 cxd4 4. Nxd4 Nf6 5. Nc3 Nc6 6. Bg5 e6 7. Qd2 a6 8. O-O-O Bd7 9. f3 Nxd4 10. Qxd4 Be7 11. h4 Qc7 12. Kb1 b5 13. g4 h5 14. gxh5 Nxh5 15. Bxe7 Kxe7 16. Rg1 Qc5 17. Qd2 b4 18. Ne2 g6 19. Rg5 e5 20. f4 Nf6 21. fxe5 dxe5 22. Nf4 Rxh4 23. Nd5+ Nxd5 24. Rxe5+ Be6 25. exd5 Kf8 26. Qg5 Rh2 27. Bd3 Bf5 28. Bxf5 gxf5 29. Qxf5 Rc8 30. Rc1 Rc7 31. Qf6 Qxc2+ 32. Rxc2 Rh1+ 0-1


[Site "https://www.chess.com"]

[Event "Titled Tuesday Blitz March 28 Early 2023"]
[White "Demchenko, Anton"]
[Black "Galchenko, Matvey"]
[WhiteFideId "4160258"]
[BlackFideId "24175480"]
[WhiteElo "2545"]
[BlackElo "2404"]
[Result "1-0"]
[Round "04"]
[TimeControl "180+2"]
[Date "2023.03.28"]
[WhiteClock "0:00:04"]
[BlackClock "0:00:01"]

1. e4 e6 2. d4 d5 3. Nc3 Bb4 4. e5 Ne7 5. a3 Bxc3+ 6. bxc3 c5 7. Nf3 h6 8. a4 b6 9. Bb5+ Bd7 10. Bd3 Qc7 11. O-O Nbc6 12. Re1 Na5 13. h4 Rc8 14. h5 cxd4 15. cxd4 Nc4 16. Nh4 a6 17. Qg4 Kf8 18. Bxc4 Qxc4 19. Ba3 Re8 20. Reb1 b5 21. axb5 Bxb5 22. Bc5 Kg8 23. Rb3 Nc6 24. Rg3 Rh7 25. Qf4 Qxc2 26. Rf3 Nd8 27. Rc1 Qe4 28. Qg3 g5 29. hxg6 Rg7 30. Re3 fxg6 31. Rxe4 dxe4 32. Qb3 Nf7 33. g3 Ng5 34. Bd6 Kh7 35. Rc7 Rxc7 36. Bxc7 Bc6 37. Bd6 Bd5 38. Qc3 Rg8 39. Be7 Nh3+ 40. Kg2 e3+ 41. Kxh3 exf2 42. Qc1 Rg7 43. Bf6 Rb7 44. Qf1 Rb2 45. Ng2 Bc6 46. Ne3 Bb5 47. Qc1 f1=Q+ 48. Nxf1 1-0


[Site "https://www.chess.com"]